 Dungeon Crawl Stone Soup version 0.29.0-4-gdea44cf6ec (webtiles) character file.

Game seed: 2433452051195482463

2253 qw the Grappler (level 9, -6/84 HPs)
             Began as a Troll Cinder Acolyte on Sept 2, 2022.
             Was an Elder of Ignis.
             Succumbed to a killer bee's poison
             ... on level 7 of the Dungeon.
             The game lasted 00:03:03 (5144 turns).

qw the Grappler (Troll Cinder Acolyte)              Turns: 5144, Time: 00:03:03

Health: -6/84      AC: 15    Str: 28    XL:     9   Next: 15%
Magic:  9/9        EV:  9    Int: 10    God:    Ignis [****..]
Gold:   160        SH:  0    Dex:  5    Spells: 10/10 levels left

rFire   + + .      SeeInvis +     - Unarmed
rCold   + . .      Faith    .   (no shield)
rNeg    . . .      Spirit   .   a - +0 robe
rPois   .          Reflect  .   (helmet restricted)
rElec   .          Harm     .   f - scarf {rC+ rF+}
rCorr   .          Rampage  .   (gloves unavailable)
Will    .....                   (boots unavailable)
Stlth   +.........              (no amulet)
HPRegen 1.04/turn               j - +4 ring of protection
MPRegen 0.11/turn               p - ring of see invisible

@: lethally poisoned (-6 -> -31), fiery-armoured
A: large, unfitting armour, claws 3, regeneration 1, shaggy fur 1, tough skin 1
a: Renounce Religion, Fiery Armour, Foxfire Swarm, Rising Flame


You were on level 7 of the Dungeon.
You worshipped Ignis.
Ignis was greatly pleased with you.
You visited 1 branch of the dungeon, and saw 7 of its levels.

You collected 287 gold pieces.
You spent 127 gold pieces at shops.


Innate Abilities, Weirdness & Mutations

You are too large for most types of armour.
You have claws for hands.
Your natural rate of healing is unusually fast.
You are covered in fur. (AC +1)
You have tough skin. (AC +1)


   Skills:
 - Level 4.1 Fighting
 - Level 1.8 Dodging
 + Level 11.6 Unarmed Combat
 - Level 1.0 Spellcasting
 - Level 2.1 Fire Magic


You had 10 spell levels left.
You didn't know any spells.
Your spell library contained the following spells:

 Spells                   Type           Power      Damage    Failure   Level
 Scorch                   Fire           8%         2d5       22%         2

Inventory:

Armour
 a - a +0 robe (worn)
 f - a scarf of resistance (worn)
Jewellery
 b - a ring of protection from fire
 j - a +4 ring of protection (left claw)
 p - a ring of see invisible (right claw)
Scrolls
 c - a scroll of identify
Potions
 d - a potion of cancellation
 g - a potion of invisibility {unknown}
 h - a potion of haste
 i - 2 potions of curing
 k - a potion of might
 l - 2 potions of resistance
 n - a potion of degeneration {unknown}

Dungeon Overview and Level Annotations

Branches:
Dungeon (7/15)             Temple (0/1) D:5

Altars:
Uskayaw

Shops:
D:3 *


Message History

The killer bee is burned by your cloak of flames.
The killer bee is severely wounded.
The orc priest drinks a potion.
The orc priest seems to speed up.
The killer bee stings you.
You are more poisoned.
The killer bee poisons you!
The killer bee is burned by your cloak of flames.
You kill the killer bee!
The killer bee barely misses you.
The killer bee stings you but does no damage.
The killer bee is burned by your cloak of flames.
The killer bee is lightly wounded.
The killer bee barely misses you.
You closely miss the killer bee.
The killer bee is almost dead.
You feel very sick. The killer bee closely misses you.
The killer bee stings you.
The killer bee is burned by your cloak of flames.
You kill the killer bee!
The killer bee stings you but does no damage.
The killer bee is burned by your cloak of flames.
The killer bee is lightly wounded.
The ogre hits you with a +0 giant club!!
The ogre is burned by your cloak of flames.
The ogre is moderately wounded.
A gnoll comes into view. It is wielding a +0 halberd.
The killer bee stings you.
You are more poisoned.
The killer bee poisons you!
The killer bee is burned by your cloak of flames.
You kill the killer bee!
The killer bee stings you.
The killer bee is burned by your cloak of flames.
The killer bee is moderately wounded.
The gnoll shouts!
5144 ||| Stepping ~*~*~tactically~*~*~ (outnumbered).
The orc attacks as you move away! The orc hits you but does no damage.
The orc is burned by your cloak of flames.
The orc is almost dead.
You die...

#.......# ..
......... ....
#.......^ ....##
#.......#
....o.##.......#
....#........>..
...o..........#
.####.o%@......#
?.....O.y.....<.
.####.#%........ #..#
# #......... #..#
(###z...... ..
#..####.###..##...
... ###.......#...g#
..#
...##....>..........
..
.............#.......


You could see an ogre, a killer bee, a wight, an orc priest (fast), a gnoll and
2 orcs.

Vanquished Creatures
  An ice beast (D:6)
  An orc warrior (D:7)
  3 black bears
  3 ogres
  A centaur (D:6)
  A kobold brigand (D:6)
  A necrophage (D:6)
  A bullfrog (D:6)
  3 scorpions
  5 killer bees (D:7)
  4 orc priests
  A gnoll bouda (D:7)
  4 hounds
  2 iguanas (D:6)
  11 orc wizards
  7 adders
  8 gnolls
  A white imp (D:6)
  An ufetubus (D:5)
  24 orcs
  8 endoplasms
  4 giant cockroaches
  12 goblins
  10 hobgoblins
  7 jackals
  4 quokkas
  8 ball pythons
  3 bats
  3 frilled lizards
  13 kobolds
  6 rats
161 creatures vanquished.

Notes
Turn   | Place    | Note
-------+----------+-------------------------------------------
     0 | D:1      | qw the Troll Cinder Acolyte began the quest for the Orb.
     0 | D:1      | Reached XP level 1. HP: 22/22 MP: 1/1
     0 | D:1      | 0 ||| qw: Version: 0.1-a-97-g2dd2ca4
     0 | D:1      | 0 ||| qw: Game counter: 4993
     0 | D:1      | 0 ||| qw: Always use a shield: true
     0 | D:1      | 0 ||| qw: God list: Okawaru
     0 | D:1      | 0 ||| qw: Allow faded altars: false
     0 | D:1      | 0 ||| qw: Do Orc after D:15 true
     0 | D:1      | 0 ||| qw: Do second Lair branch before Depths: true
     0 | D:1      | 0 ||| qw: Lair rune preference: random
     0 | D:1      | 0 ||| qw: Plans: Normal
     0 | D:1      | 0 ||| PLANNING D:1-11
     7 | D:1      | 7 ||| Stepping ~*~*~tactically~*~*~ (stealth).
     9 | D:1      | 9 ||| Stepping ~*~*~tactically~*~*~ (outnumbered).
    10 | D:1      | 10 ||| Stepping ~*~*~tactically~*~*~ (outnumbered).
    11 | D:1      | 11 ||| Stepping ~*~*~tactically~*~*~ (outnumbered).
    12 | D:1      | 12 ||| Stepping ~*~*~tactically~*~*~ (outnumbered).
    13 | D:1      | 13 ||| Stepping ~*~*~tactically~*~*~ (outnumbered).
   143 | D:1      | 143 ||| Stepping ~*~*~tactically~*~*~ (stealth).
   144 | D:1      | 144 ||| Stepping ~*~*~tactically~*~*~ (stealth).
   145 | D:1      | 145 ||| Stepping ~*~*~tactically~*~*~ (stealth).
   146 | D:1      | 146 ||| Stepping ~*~*~tactically~*~*~ (stealth).
   154 | D:1      | 154 ||| Stepping ~*~*~tactically~*~*~ (stealth).
   210 | D:1      | Reached XP level 2. HP: 29/29 MP: 2/2
   370 | D:1      | Found a faded altar of an unknown god.
   958 | D:1      | Reached skill level 4 in Unarmed Combat
  1092 | D:1      | 1092 ||| UPGRADING to scarf of resistance.
  1097 | D:1      | 1097 ||| READING scroll labelled HUAL CARAR.
  1098 | D:1      | 1098 ||| READING scroll labelled TIOBEPPOTWO.
  1099 | D:1      | 1099 ||| READING scroll labelled QUORHU YLIEREO.
  1247 | D:2      | 1247 ||| Stepping ~*~*~tactically~*~*~ (stealth).
  1264 | D:2      | Reached XP level 3. HP: 36/36 MP: 3/3
  1753 | D:2      | 1753 ||| READING scroll labelled NIS QYPYVUYMMOGGI.
  1754 | D:2      | 1754 ||| DRINKING 2 emerald potions.
  1768 | D:3      | 1768 ||| INVOKING Fiery Armour.
  1777 | D:3      | 1777 ||| Stepping ~*~*~tactically~*~*~ (outnumbered).
  1778 | D:3      | Reached skill level 5 in Unarmed Combat
  1778 | D:3      | Reached XP level 4. HP: 37/44 MP: 4/4
  1820 | D:3      | 1820 ||| Stepping ~*~*~tactically~*~*~ (outnumbered).
  1821 | D:3      | 1821 ||| Stepping ~*~*~tactically~*~*~ (outnumbered).
  1822 | D:3      | 1822 ||| Stepping ~*~*~tactically~*~*~ (hiding).
  1827 | D:3      | 1827 ||| Stepping ~*~*~tactically~*~*~ (outnumbered).
  1832 | D:3      | Reached XP level 5. HP: 46/50 MP: 5/5
  1835 | D:3      | Reached skill level 6 in Unarmed Combat
  1866 | D:3      | Found Utti's Assorted Antiques.
  1878 | D:3      | 1878 ||| BUYING 2 yellow potions (43 gold).
  1878 | D:3      | Bought 2 yellow potions for 43 gold pieces
  1878 | D:3      | 1878 ||| BUYING amethyst potion (21 gold).
  1878 | D:3      | Bought an amethyst potion for 21 gold pieces
  1878 | D:3      | 1878 ||| BUYING fizzy golden potion (21 gold).
  1878 | D:3      | Bought a fizzy golden potion for 21 gold pieces
  1878 | D:3      | 1878 ||| BUYING fuming dark potion (21 gold).
  1878 | D:3      | Bought a fuming dark potion for 21 gold pieces
  1878 | D:3      | 1878 ||| BUYING sapphire potion (21 gold).
  1878 | D:3      | Bought a sapphire potion for 21 gold pieces
  1878 | D:3      | 1878 ||| SHOPLISTING yellow potion (21 gold, have 3).
  2238 | D:3      | 2238 ||| Stepping ~*~*~tactically~*~*~ (stealth).
  2378 | D:3      | 2378 ||| READING scroll labelled TIEF MAAPPUTU.
  2379 | D:3      | 2379 ||| READING scroll labelled COTOVAOHUS.
  2404 | D:3      | 2404 ||| READING scroll labelled QEILOU FADD.
  2405 | D:3      | 2405 ||| DRINKING 3 inky potions.
  2406 | D:3      | 2406 ||| DRINKING 2 cyan potions.
  2407 | D:3      | 2407 ||| DRINKING 2 fuming dark potions.
  2408 | D:3      | 2408 ||| DRINKING 2 yellow potions.
  2409 | D:3      | 2409 ||| DRINKING 3 amethyst potions.
  2410 | D:3      | 2410 ||| DROPPING 2 potions of flight.
  2411 | D:3      | 2411 ||| DROPPING potion of attraction.
  2412 | D:3      | 2412 ||| DROPPING potion of magic.
  2516 | D:4      | 2516 ||| Stepping ~*~*~tactically~*~*~ (stealth).
  2528 | D:4      | 2528 ||| Stepping ~*~*~tactically~*~*~ (stealth).
  2534 | D:4      | 2534 ||| Stepping ~*~*~tactically~*~*~ (hiding).
  2558 | D:4      | 2558 ||| Stepping ~*~*~tactically~*~*~ (stealth).
  2559 | D:4      | 2559 ||| Stepping ~*~*~tactically~*~*~ (stealth).
  2575 | D:4      | You fall into a shaft and drop 1 floor!
  2575 | D:5      | Entered Level 5 of the Dungeon
  2601 | D:5      | 2601 ||| Stepping ~*~*~tactically~*~*~ (hiding).
  2605 | D:5      | 2605 ||| INVOKING Fiery Armour.
  2609 | D:5      | Reached XP level 6. HP: 32/59 MP: 6/6
  2619 | D:5      | Reached skill level 7 in Unarmed Combat
  2771 | D:5      | 2771 ||| Stepping ~*~*~tactically~*~*~ (stealth).
  2787 | D:4      | 2787 ||| Stepping ~*~*~tactically~*~*~ (stealth).
  2795 | D:4      | 2795 ||| Stepping ~*~*~tactically~*~*~ (stealth).
  2799 | D:4      | 2799 ||| Stepping ~*~*~tactically~*~*~ (stealth).
  2830 | D:4      | 2830 ||| Stepping ~*~*~tactically~*~*~ (hiding).
  2834 | D:4      | 2834 ||| Stepping ~*~*~tactically~*~*~ (hiding).
  2835 | D:4      | 2835 ||| Stepping ~*~*~tactically~*~*~ (hiding).
  2836 | D:4      | 2836 ||| Stepping ~*~*~tactically~*~*~ (hiding).
  2837 | D:4      | 2837 ||| Stepping ~*~*~tactically~*~*~ (hiding).
  2856 | D:4      | 2856 ||| Stepping ~*~*~tactically~*~*~ (hiding).
  2858 | D:4      | 2858 ||| Stepping ~*~*~tactically~*~*~ (hiding).
  2859 | D:4      | 2859 ||| Stepping ~*~*~tactically~*~*~ (hiding).
  2868 | D:4      | 2868 ||| Stepping ~*~*~tactically~*~*~ (stealth).
  3341 | D:4      | 3341 ||| UPGRADING to +4 ring of protection.
  3342 | D:4      | 3342 ||| UPGRADING to ring of see invisible.
  3343 | D:4      | 3343 ||| READING scroll labelled HOT ISTIJUGIZUZU.
  3344 | D:4      | 3344 ||| READING scroll labelled XEALE AMIUCW.
  3345 | D:4      | 3345 ||| READING scroll labelled IVVURI XIQULEP.
  3346 | D:4      | 3346 ||| DRINKING 2 grey potions.
  3368 | D:5      | 3368 ||| STAIRDANCE
  3370 | D:4      | 3370 ||| DRINKING 4 potions of curing.
  3370 | D:4      | 3370 ||| (to cure confusion)
  3371 | D:4      | 3371 ||| INVOKING Fiery Armour.
  3372 | D:4      | 3372 ||| Stepping ~*~*~tactically~*~*~ (outnumbered).
  3374 | D:4      | 3374 ||| DRINKING 3 potions of curing.
  3374 | D:4      | 3374 ||| (to cure confusion)
  3376 | D:4      | Reached skill level 8 in Unarmed Combat
  3376 | D:4      | Reached XP level 7. HP: 61/66 MP: 7/7
  3385 | D:5      | 3385 ||| STAIRDANCE
  3396 | D:5      | Reached skill level 3 in Fighting
  3396 | D:5      | 3396 ||| STAIRDANCE
  3452 | D:5      | Found a staircase to the Ecumenical Temple.
  3678 | D:5      | Reached skill level 9 in Unarmed Combat
  3894 | D:5      | 3894 ||| READING scroll labelled ZISHIQAUL.
  3897 | D:5      | 3897 ||| Stepping ~*~*~tactically~*~*~ (stealth).
  3899 | D:5      | 3899 ||| DRINKING 3 fizzy golden potions.
  3923 | D:5      | 3923 ||| DROPPING 2 potions of lignification.
  3937 | D:6      | 3937 ||| STAIRDANCE
  3956 | D:6      | Reached skill level 1 in Dodging
  3956 | D:6      | Reached XP level 8. HP: 66/75 MP: 8/8
  3956 | D:6      | 3956 ||| STAIRDANCE
  4071 | D:6      | Found a hide-covered altar of Uskayaw.
  4119 | D:6      | 4119 ||| Stepping ~*~*~tactically~*~*~ (stealth).
  4268 | D:6      | 4268 ||| Stepping ~*~*~tactically~*~*~ (hiding).
  4474 | D:6      | Reached skill level 10 in Unarmed Combat
  4530 | D:6      | 4530 ||| Stepping ~*~*~tactically~*~*~ (stealth).
  4787 | D:6      | 4787 ||| READING scroll labelled BENUINK MOLI.
  4788 | D:6      | 4788 ||| DRINKING 2 brown potions.
  4789 | D:6      | 4789 ||| READING 2 scrolls of identify.
  4789 | D:6      | 4789 ||| IDENTIFYING bubbling coppery potion
  4790 | D:6      | 4790 ||| DROPPING potion of berserk rage.
  4835 | D:7      | Reached skill level 11 in Unarmed Combat
  4859 | D:7      | 4859 ||| FLEEEEING.
  4860 | D:7      | 4860 ||| FLEEEEING.
  4861 | D:7      | 4861 ||| FLEEEEING.
  4862 | D:7      | 4862 ||| FLEEEEING.
  4863 | D:7      | 4863 ||| FLEEEEING.
  4864 | D:7      | 4864 ||| FLEEEEING.
  4865 | D:7      | 4865 ||| FLEEEEING.
  4866 | D:7      | 4866 ||| FLEEEEING.
  4867 | D:7      | 4867 ||| FLEEEEING.
  4868 | D:7      | 4868 ||| STAIRDANCE
  4892 | D:7      | 4892 ||| STAIRDANCE
  4910 | D:7      | 4910 ||| STAIRDANCE
  4924 | D:7      | 4924 ||| Stepping ~*~*~tactically~*~*~ (stealth).
  4926 | D:7      | 4926 ||| Stepping ~*~*~tactically~*~*~ (hiding).
  4932 | D:7      | Reached XP level 9. HP: 82/84 MP: 9/9
  4932 | D:7      | 4932 ||| Stepping ~*~*~tactically~*~*~ (hiding).
  4933 | D:7      | 4933 ||| FLEEEEING.
  4934 | D:7      | 4934 ||| STAIRDANCE
  5044 | D:7      | 5044 ||| STAIRDANCE
  5076 | D:7      | 5076 ||| STAIRDANCE
  5139 | D:7      | 5139 ||| INVOKING Fiery Armour.
  5143 | D:7      | HP: 8/84 [ogre/+0 giant club (20)]
  5143 | D:7      | HP: 1/84 [killer bee (6)]
  5144 | D:7      | 5144 ||| Stepping ~*~*~tactically~*~*~ (outnumbered).
  5144 | D:7      | Succumbed to a killer bee's poison

Levels and vault maps discovered:
D:1:      scummos_arrival_hexagon, layout_basic,
          shapermc_ecumenical_altar_notcrosses, serial_co_window_serial,
          co_window_paths_b, co_window_paths_a, co_window_paths_a,
          co_window_paths_b, co_window_corner_a, co_window_of_opportunity_c,
          co_window_of_opportunity_c, co_window_broadway_b, co_window_2corner,
          co_window_2corner, co_window_corner_b, co_window_paths_e,
          glass_columns_c, glass_columns_a, glass_columns_c, glass_columns_a
D:2:      layout_loops_cross
D:3:      layout_basic, serial_shops, nicolae_shop_crystal, minmay_misc_feat_iff
D:4:      layout_loops_cross, minmay_surrounded
D:5:      layout_loops_ring, minmay_temple_entry_slanted
D:6:      layout_loops_ring, mainiacjoe_overflow_24_doors
D:7:      layout_rooms, lemuel_round_altar

Skill      XL: |  1  2  3  4  5  6  7  8 |
---------------+-------------------------+-----
Unarmed Combat | 4 5 6 8 9 11 | 11.6
Fighting       | 3 4 |  4.1
Dodging        | 1 |  1.8
Spellcasting   | |  1.0
Fire Magic     | |  2.1

Action                   |  1- 3 |  4- 6 |  7- 9 || total
-------------------------+-------+-------+-------++-------
Melee: Unarmed           |    87 |   135 |   140 ||   362
       Punch             |     2 |     4 |     9 ||    15
Invok: Fiery Armour      |     1 |     2 |     1 ||     4
  Use: Scroll            |     4 |     6 |     3 ||    13
       Potion            |     1 |     8 |     2 ||    11
Armor: Robe              |    25 |    46 |    70 ||   141
Dodge: Dodged            |    48 |    37 |    76 ||   161

Table legend:
 A = Non-vault XP
 B = Vault XP
 C = Vault XP percentage of total XP
 D = Non-vault monster count
 E = Vault monster count
 F = Vault count percentage of total count
                 A         B        C        D         E       F
            +---------+---------+-------+---------+---------+-------
      Total |    3217 |       2 |   0.1 |     160 |       1 |   0.6
            +---------+---------+-------+---------+---------+-------
        D:1 |      30 |       0 |   0.0 |      20 |       0 |   0.0
        D:2 |      29 |       0 |   0.0 |      16 |       0 |   0.0
        D:3 |     243 |       0 |   0.0 |      28 |       0 |   0.0
        D:4 |     330 |       2 |   0.6 |      37 |       1 |   2.6
        D:5 |     698 |       0 |   0.0 |      16 |       0 |   0.0
        D:6 |    1296 |       0 |   0.0 |      28 |       0 |   0.0
        D:7 |     591 |       0 |   0.0 |      15 |       0 |   0.0
            +---------+---------+-------+---------+---------+-------
